 Dungeon Crawl Stone Soup version 0.25-a0-341-g6f074c887a (webtiles) character file.

Game seed: 4093226126419626442, levelgen mode: deterministic

2102 Lanoc the Arsonist (level 9, -3/62 HPs)
             Began as a Centaur Fire Elementalist on Dec 30, 2019.
             Killed from afar by an electric eel (11 damage)
             ... with a bolt of electricity
             ... on level 7 of the Dungeon.
             The game lasted 00:13:46 (5861 turns).

Lanoc the Arsonist (Centaur Fire Elementalist)      Turns: 5861, Time: 00:13:47

Health: -3/62      AC:  4    Str: 15    XL:     9   Next: 7%
Magic:  9/11       EV: 13    Int: 17    God:
Gold:   369        SH:  0    Dex: 15    Spells: 0/11 levels left

rFire    . . .     SeeInvis .   a - +1 whip (elec)
rCold    + . .     Gourm    .   (no shield)
rNeg     + . .     Faith    .   r - +0 robe
rPois    .         Spirit   .   (no helmet)
rElec    .         Reflect  .   (no cloak)
rCorr    .         Harm     .   (no gloves)
MR       .....                  (no barding)
Stlth    +.........             (no amulet)
HPRegen  0.20/turn              z - ring "Ohaehu" {*Contam rC+ Str+4 Dex+5}
MPRegen  0.12/turn              s - ring of positive energy

@: very quick
A: large, hooves 3, deformed body, speed 2, tough skin 3
a: no special abilities


You were on level 7 of the Dungeon.
You were hungry.

You visited 1 branch of the dungeon, and saw 7 of its levels.

You collected 369 gold pieces.

Inventory:

Hand Weapons
 a - a +1 whip of electrocution (weapon)
 o - a +0 shortbow
Missiles
 j - 20 poisoned darts (quivered)
 p - 75 arrows
 t - 2 throwing nets
Armour
 r - a +0 robe (worn)
Jewellery
 s - a ring of positive energy (right hand)
 z - the ring "Ohaehu" (left hand) {*Contam rC+ Str+4 Dex+5}
   (You found it on level 4 of the Dungeon)

   [ring of dexterity]

   It affects your strength (+4).
   It affects your dexterity (+5).
   It protects you from cold.
   It causes magical contamination when unequipped.
Wands
 h - a wand of clouds (5)
 y - a wand of flame (23)
 B - a wand of iceblast (8)
Scrolls
 b - 2 scrolls of teleportation {unknown}
 e - 3 scrolls of noise {unknown}
 g - 12 scrolls of identify {unknown}
 m - a scroll of enchant weapon {unknown}
 q - 3 scrolls of fog {unknown}
 u - a scroll of enchant armour {unknown}
 v - a scroll of magic mapping {unknown}
 w - a scroll of remove curse {unknown}
 x - a scroll of random uselessness {unknown}
 A - 3 scrolls of amnesia {unknown}
 C - a scroll of fear {unknown}
 E - a scroll of blinking {unknown}
Potions
 d - 2 potions of berserk rage {unknown}
 f - 4 potions of agility
 i - a potion of lignification {unknown}
 k - a potion of mutation {unknown}
 l - a potion of resistance
 n - a potion of flight {unknown}
Comestibles
 c - 13 rations


   Skills:
 + Level 5.4 Dodging
 - Level 1.1 Stealth
 - Level 1.5 Spellcasting
 - Level 0.8 Conjurations
 * Level 9.4 Fire Magic


You couldn't memorise any spells.
You knew the following spells:

 Your Spells              Type           Power        Failure   Level  Hunger
a - Foxfire               Conj/Fire      ###.         2%          1    ##.....
b - Conjure Flame         Conj/Fire      ###.....     8%          3    ####...
c - Inner Flame           Hex/Fire       ###.....     9%          3    ####...
d - Sticky Flame          Conj/Fire      ###.....     24%         4    #####..

Your spell library contained the following spells:

 Spells                   Type           Power        Failure   Level  Hunger
 Magic Dart               Conj           #...         14%         1    ##.....
 Blink                    Tloc           N/A          30%         2    ###....
 Call Imp                 Summ           #.......     30%         2    ###....
 Slow                     Hex            #.......     30%         2    ###....
 Mephitic Cloud           Conj/Pois/Air  #.......     47%         3    ####...
 Fireball                 Conj/Fire      ###.......   56%         5    ######.


Dungeon Overview and Level Annotations

Branches:
Dungeon (7/15)
 Temple: D:4-7

Altars:
Dithmenos
Kikubaaqudgha
Nemelex Xobeh
The Shining One

Annotations:
D:6 Sigmund


Innate Abilities, Weirdness & Mutations

You have hooves in place of feet.
Armour fits poorly on your strangely shaped body.
You cover ground very quickly.
You have extremely tough skin. (AC +3)


Message History

The foxfire hits the plant but does no damage.
The plant is moderately damaged.
The electric eel shoots out a bolt of lightning at you!
The bolt of electricity hits your foxfire!
The bolt of electricity hits you! x2; The foxfire hits the electric eel.
The electric eel is lightly wounded.
The plant is engulfed in a cloud of scalding steam.
The electric eel is engulfed in a cloud of scalding steam.
The electric eel shoots out a bolt of lightning at you!
The bolt of electricity hits you!
* * * LOW HITPOINT WARNING * * *
The electric eel is engulfed in a cloud of scalding steam.
You kill the electric eel!
You hear a splash.
The plant is engulfed in a cloud of scalding steam.
The plant is engulfed in a cloud of scalding steam.
The plant is engulfed in a cloud of scalding steam.
The electric eel shoots out a bolt of lightning at you!
The bolt of electricity hits you!
You die...

....≈≈≈≈♣≈≈≈P≈
..♣≈;P§§≈≈P #.P≈♣†≈≈≈
#...§♣ #....♣♣
###.#.# #.#####.#.#
#.........#
#######@### #.# #.#
#.#############
.#####.##..........#
#..........########.#
#####.....## #.#
##...## #.# ##.## #<#


You could see an electric eel.

Vanquished Creatures
  Pikel (D:7)
  Duvessa (D:6)
  An ice beast (D:6)
  A sky beast (D:6)
  2 phantoms
  2 orc warriors (D:7)
  3 ogres
  A centaur (D:3)
  A bullfrog (D:7)
  Dowan (D:6)
  A scorpion (D:5)
  An electric eel (D:7)
  A crimson imp (D:6)
  2 jellies (D:6)
  2 hounds
  5 orc wizards
  An iguana (D:5)
  A worker ant (D:5)
  A hound zombie (D:5)
  A howler monkey zombie (D:5)
  A worker ant zombie (D:5)
  A gnoll (D:7)
  5 adders
  5 worms
  A dart slug (D:1)
  2 leopard geckos
  3 orcs
  2 ball pythons
  A giant cockroach (D:6)
  6 goblins
  4 hobgoblins
  6 kobolds
  4 quokkas
  9 bats
  3 frilled lizards
  10 rats
93 creatures vanquished.

Vanquished Creatures (others)
  A slave (D:7)
  A bullfrog (D:7)
  An electric eel (D:7)
  2 gnolls (D:7)
  An adder (D:7)
  A jackal skeleton (D:7)
  291 foxfires
298 creatures vanquished.

Grand Total: 391 creatures vanquished

Notes
Turn   | Place    | Note
-------+----------+-------------------------------------------
     0 | D:1      | Lanoc the Centaur Fire Elementalist began the quest for the
                  | Orb.
     0 | D:1      | Reached XP level 1. HP: 14/14 MP: 3/3
   615 | D:1      | Reached skill level 3 in Fire Magic
   632 | D:1      | Reached XP level 2. HP: 20/20 MP: 1/4
  1235 | D:2      | Reached XP level 3. HP: 21/26 MP: 2/5
  2079 | D:3      | Learned a level 3 spell: Conjure Flame
  2255 | D:3      | Noticed a centaur
  2256 | D:3      | Reached skill level 4 in Fire Magic
  2256 | D:3      | Reached XP level 4. HP: 22/33 MP: 3/6
  2266 | D:3      | HP: 1/33 [centaur/arrow (8)]
  2583 | D:3      | Killed a centaur
  2583 | D:3      | Reached XP level 5. HP: 38/38 MP: 1/7
  2760 | D:3      | Found a sparkling altar of Nemelex Xobeh.
  2820 | D:4      | Noticed a phantom
  3174 | D:4      | Killed a phantom
  3174 | D:4      | Reached skill level 5 in Fire Magic
  3174 | D:4      | Reached XP level 6. HP: 24/45 MP: 2/8
  3280 | D:4      | Got a twitching granite ring
  3289 | D:4      | Identified the ring "Ohaehu" {*Contam rC+ Str+4 Dex+5} (You
                  | found it on level 4 of the Dungeon)
  3477 | D:5      | Entered Level 5 of the Dungeon
  3668 | D:5      | Found a glowing golden altar of the Shining One.
  3791 | D:5      | Reached skill level 6 in Fire Magic
  3791 | D:5      | Reached XP level 7. HP: 37/50 MP: 4/9
  3879 | D:5      | Learned a level 3 spell: Inner Flame
  4289 | D:6      | Reached skill level 7 in Fire Magic
  4337 | D:6      | Noticed Dowan
  4345 | D:6      | Killed Dowan
  4346 | D:6      | Noticed Duvessa
  4388 | D:6      | Killed Duvessa
  4388 | D:6      | Reached XP level 8. HP: 55/57 MP: 0/10
  4430 | D:6      | HP: 2/57 [something/puff of flame (6)]
  4826 | D:6      | Noticed Sigmund
  4853 | D:7      | Noticed Pikel
  4872 | D:7      | Found an ancient bone altar of Kikubaaqudgha.
  4885 | D:7      | Killed Pikel
  4885 | D:7      | Reached skill level 8 in Fire Magic
  5289 | D:7      | Reached skill level 5 in Dodging
  5421 | D:7      | Reached skill level 9 in Fire Magic
  5652 | D:7      | Found a shadowy altar of Dithmenos.
  5682 | D:7      | Reached XP level 9. HP: 49/62 MP: 7/11
  5690 | D:7      | Learned a level 4 spell: Sticky Flame
  5861 | D:7      | Killed from afar by an electric eel

Levels and vault maps discovered:
D:1:      dpeg_arrival_rooms_b, layout_basic, minmay_strange_pillars
D:2:      layout_basic, minmay_heptomino_d4
D:3:      layout_rooms, lemuel_altar_in_water
D:4:      layout_cave_pools, first_ration
D:5:      layout_rooms, hex_large, tso_metal_star
D:6:      layout_layer_cave, minmay_temple_entry_from_below_a, chequers_jeans,
          minmay_manual_moon, uniq_duvessa, uniq_edmund, uniq_sigmund,
          uniq_crazy_yiuf_cottage
D:7:      layout_loops_corners, nicolae_dithmenos_through_a_glass_darkly,
          overflow_temple_1_default, serial_bayou_lake_a, uniq_pikel

Skill      XL: |  1  2  3  4  5  6  7  8 |
---------------+-------------------------+-----
Fire Magic     | 3 4 5 6 7 9 |  9.4
Dodging        | 2 3 4 5 |  5.4
Stealth        | |  1.1
Spellcasting   | |  1.5
Conjurations   | |  0.8

Action                   |  1- 3 |  4- 6 |  7- 9 || total
-------------------------+-------+-------+-------++-------
Melee: Unarmed           |    10 |       |       ||    10
       Kick              |    14 |    15 |    20 ||    49
       Whip              |    75 |    53 |    69 ||   197
Throw: Dart              |       |       |     2 ||     2
 Cast: Foxfire           |    36 |    47 |    94 ||   177
       Conjure Flame     |       |       |     1 ||     1
  Use: Potion            |       |     4 |     3 ||     7
 Stab: Sleeping          |     2 |       |     1 ||     3
  Eat: Chunk             |     4 |     4 |     5 ||    13
       Ration            |       |       |     1 ||     1
Armor: Robe              |    17 |    17 |    25 ||    59
Dodge: Dodged            |    48 |    24 |    52 ||   124

Table legend:
 A = Non-vault XP
 B = Vault XP
 C = Vault XP percentage of total XP
 D = Non-vault monster count
 E = Vault monster count
 F = Vault count percentage of total count
                 A         B        C        D         E       F
            +---------+---------+-------+---------+---------+-------
      Total |    2207 |     797 |  26.5 |      88 |       6 |   6.4
            +---------+---------+-------+---------+---------+-------
        D:1 |      33 |       0 |   0.0 |      21 |       0 |   0.0
        D:2 |      28 |      12 |  30.0 |      13 |       3 |  18.8
        D:3 |     154 |       0 |   0.0 |      13 |       0 |   0.0
        D:4 |     164 |       0 |   0.0 |       5 |       0 |   0.0
        D:5 |     481 |       0 |   0.0 |      12 |       0 |   0.0
        D:6 |     493 |     214 |  30.3 |       8 |       2 |  20.0
        D:7 |     854 |     571 |  40.1 |      16 |       1 |   5.9
            +---------+---------+-------+---------+---------+-------
